 Dungeon Crawl Stone Soup version 0.26-a0-649-gf8c6c3aab7 (webtiles) character file.

Game seed: 8287507332149765793

13017 khdinoboy the Cleaver (level 12, -1/141 HPs)
             Began as a Formicid Fighter on Sept 27, 2020.
             Was an Initiate of Gozag.
             Slain by a thrashing horror (4 damage)
             ... on level 2 of the Abyss.
             The game lasted 00:16:29 (12376 turns).

khdinoboy the Cleaver (Formicid Fighter)           Turns: 12376, Time: 00:16:29

Health: -1/141     AC: 26    Str: 21 (22) XL:     12   Next: 27%
Magic:  9/9        EV:  2    Int:  3 (4)  God:    Gozag
Gold:   841        SH: 17    Dex: 15 (16) Spells: 11/11 levels left

rFire    . . .     SeeInvis .   E - +2 battleaxe (vorpal)
rCold    . . .     Faith    .   c - +0 kite shield
rNeg     + + +     Spirit   .   (armour currently unavailable)
rPois    +         Reflect  +   (helmet unavailable)
rElec    .         Harm     .   (cloak currently unavailable)
rCorr    .         Rampage  .   (gloves currently unavailable)
MR       +....                  (boots currently unavailable)
Stlth    +.........             k - amulet of reflection
HPRegen  0.33/turn              C - ring of positive energy
MPRegen  0.11/turn              D - +6 ring of dexterity

@: brilliant, tree-form, stab
A: permanent stasis, dig shafts and tunnels, four strong arms, [dopey 2], [low
mp 2], [weak 2], evolution 1, [subdued magic 2]
a: Potion Petition, Call Merchant, Bribe Branch, Renounce Religion


You were on level 2 of the Abyss.
You worshipped Gozag.
Gozag was pleased with you.
You were a tree.
You visited 3 branches of the dungeon, and saw 12 of its levels.
You visited the Abyss 1 time.

You collected 2121 gold pieces.
You spent 462 gold pieces at shops.
You paid 818 gold pieces to Gozag.

Inventory:

Hand Weapons
 E - a +2 vorpal battleaxe (weapon)
Missiles
 z - 4 silver javelins (quivered)
Armour
 c - a +0 kite shield (worn)
 r - a +0 plate armour (melded)
 w - a +2 pair of gloves of strength (melded)
Jewellery
 k - an amulet of reflection (around neck)
 C - a ring of positive energy (left branch)
 D - a +6 ring of dexterity (right branch)
 G - an uncursed ring of resist corrosion
Wands
 g - a wand of iceblast (8)
 t - a wand of paralysis (19)
 u - a wand of disintegration (14)
 v - a wand of digging (7)
 y - a wand of enslavement (7)
Scrolls
 b - a scroll of holy word {unknown}
 f - 2 scrolls of amnesia
 h - 3 scrolls of remove curse
 l - 3 scrolls of immolation
 o - a scroll of fear
 q - 2 scrolls of enchant weapon
 x - a scroll of fog
 A - 2 scrolls of vulnerability
 F - 2 scrolls of identify
Potions
 d - 3 potions of might
 e - 3 potions of flight
 i - a potion of stabbing
 m - a potion of mutation
 n - 3 potions of degeneration
 s - 3 potions of curing
 B - a potion of resistance {unknown}


   Skills:
 + Level 8.9 Fighting
 + Level 13.1 Axes
 + Level 8.7 Armour
 + Level 10.9 Shields


You had 11 spell levels left.
You didn't know any spells.
Your spell library contained the following spells:

 Spells                   Type           Power        Failure   Level
 Magic Dart               Conj           #...         43%         1
 Sting                    Tmut/Pois      #...         43%         1
 Call Imp                 Summ           #.......     58%         2
 Poisonous Vapours        Pois/Air       #.....       58%         2
 Slow                     Hex            #.......     58%         2
 Conjure Flame            Conj/Fire      #.......     83%         3
 Ignite Poison            Fire/Tmut/Pois #.......     83%         3
 Mephitic Cloud           Conj/Pois/Air  #.......     83%         3
 Olgreb's Toxic Radiance  Pois           #.......     99%         4
 Summon Lightning Spire   Summ/Air       #.......     99%         4
 Silence                  Hex/Air        #.........   100%        5
 Conjure Ball Lightning   Conj/Air       #.........   100%        6
 Tornado                  Air            #.........   100%        9
 Blink                    Tloc           Unusable     N/A         2

Dungeon Overview and Level Annotations

Branches:
Dungeon (10/15)            Temple (1/1) D:5            Lair (0/6) D:10
    Orc (1/2) D:9

Altars:
Ashenzari
Cheibriados
Dithmenos
Elyvilon
Fedhas
Gozag
Hepliaklqana
Kikubaaqudgha
Makhleb
Nemelex Xobeh
Okawaru
Qazlal
Ru
Sif Muna
Trog
Uskayaw
Vehumet
Wu Jian
Xom
Yredelemnul
Zin
The Shining One

Shops:
D:4 *   D:7 [   D:10 ([

Annotations:
Orc:1 Harold


Innate Abilities, Weirdness & Mutations

You cannot be hasted, slowed, berserked, paralysed or teleported.
You can dig through walls and to a lower floor.
Your four strong arms can wield two-handed weapons with a shield.
((You have a pair of large antennae on your head. (SInv)))
((You are partially covered in iridescent scales. (AC +2)))
You evolve.
[You are very dopey. (Int -4)]
[Your magical capacity is very low. (-20% MP)]
[You are very weak. (Str -4)]
[Your spells are easier to cast, but less powerful.]


Message History

You barely miss the wretched star.
The wretched star is heavily damaged.
You chop one of the seven-headed hydra skeleton's heads off!
You slash the six-headed hydra skeleton!
You hit the bone dragon but do no damage.
The bone dragon bites you!
* * * LOW HITPOINT WARNING * * *
You block the bone dragon's attack.
The bone dragon tramples you but does no damage.
The six-headed hydra skeleton bites you but does no damage.
You block the six-headed hydra skeleton's attack.
The six-headed hydra skeleton bites you but does no damage.
The six-headed hydra skeleton bites you!
* * * LOW HITPOINT WARNING * * *
The six-headed hydra skeleton bites you.
* * * LOW HITPOINT WARNING * * *
The six-headed hydra skeleton bites you but does no damage.
The thrashing horror tramples you.
You die...
Your body crumbles into a pile of gold.

###.# . .. ....... #
...# ...#. .. #...
###....# #..#.#. ..#.#
.....#####..... #
#.X...#..# ...### #
#.Z♣#... #.....#...#
#...#*D......... . ...
#.#.##x.#.###.# ##[ #.
#. ..#.. ....# # ..
..#........#....#.#..
#
#.#.##...##.##.#.#...#
. # #..X....#.. ..#
... #....#.#.# . # .#
#... .##.#.#... ##


You could see a bone dragon, a wretched star, a thrashing horror, a large
abomination, a small abomination and a six-headed hydra skeleton.

Vanquished Creatures
  Gastronok (D:8)
  An orc warlord (D:9)
  A two-headed ogre (D:10)
  Pikel (D:8)
  A worldbinder (Abyss:2)
  Joseph (D:7)
  A gargoyle (D:10)
  An ancient zyme (Abyss:1)
  A troll (D:10)
  7 hippogriffs
  4 starcursed masses (Abyss:2)
  A wyvern (D:10)
  A yak (D:10)
  A basilisk (D:10)
  9 orc warriors
  2 black bears (D:10)
  An ice beast (D:8)
  3 sky beasts
  A necrophage (D:5)
  8 ogres
  3 phantoms
  2 centaurs
  2 lemures (D:8)
  A crocodile (D:10)
  7 bullfrogs
  3 scorpions
  8 wights
  A howler monkey (D:8)
  A quasit (D:10)
  2 bullfrog skeletons
  A bullfrog zombie (D:9)
  5 hounds
  4 jellies
  4 orc priests
  3 centaur skeletons
  18 orc wizards
  Jessica (D:3)
  7 worker ants
  A small abomination (Abyss:2)
  A hound zombie (D:10)
  3 hound skeletons
  A howler monkey zombie (D:7)
  7 gnolls
  14 adders
  3 shadow imps
  A white imp (D:6)
  3 ufetubi
  4 oozes
  3 worms
  2 dart slugs
  7 leopard geckos
  68 orcs
  2 ball pythons
  A giant cockroach (D:3)
  10 goblins
  5 hobgoblins
  6 jackals
  2 quokkas
  12 bats
  9 frilled lizards
  9 kobolds
  A leopard gecko skeleton (D:5)
  A quokka skeleton (D:4)
  13 rats
309 creatures vanquished.

Vanquished Creatures (others)
  3 fungi (D:10)
  8 plants
11 creatures vanquished.

Grand Total: 320 creatures vanquished

Notes
Turn   | Place    | Note
-------+----------+-------------------------------------------
     0 | D:1      | khdinoboy the Formicid Fighter began the quest for the Orb.
     0 | D:1      | Reached XP level 1. HP: 18/18 MP: 1/1
   198 | D:1      | Reached XP level 2. HP: 24/24 MP: 2/2
   703 | D:1      | Reached XP level 3. HP: 29/29 MP: 3/3
  1345 | D:2      | Reached skill level 3 in Axes
  1398 | D:2      | Reached XP level 4. HP: 33/37 MP: 4/4
  1637 | D:2      | Noticed a centaur
  1650 | D:2      | Killed a centaur
  1650 | D:2      | Reached skill level 4 in Axes
  1650 | D:2      | Reached XP level 5. HP: 3/42 MP: 5/5
  2257 | D:3      | Noticed Jessica
  2274 | D:3      | Killed Jessica
  2386 | D:3      | Reached XP level 6. HP: 48/48 MP: 6/6
  2581 | D:3      | Found a shimmering blue altar of Sif Muna.
  2599 | D:3      | Reached skill level 5 in Axes
  2635 | D:3      | Found an ancient bone altar of Kikubaaqudgha.
  2900 | D:3      | Found an opulent altar of Gozag.
  3433 | D:4      | Noticed a phantom
  3436 | D:4      | Noticed a hippogriff
  3453 | D:4      | Killed a hippogriff
  3453 | D:4      | Reached skill level 5 in Shields
  3453 | D:4      | Reached XP level 7. HP: 18/55 MP: 7/7
  3479 | D:4      | Reached skill level 6 in Axes
  3836 | D:4      | Found Quqiz's Assorted Antiques.
  3847 | D:4      | Bought a scroll labeled ASAICS CAIRGHA for 26 gold pieces
  3850 | D:4      | Bought a clear potion for 23 gold pieces
  3852 | D:4      | Bought a black potion for 23 gold pieces
  3852 | D:4      | Bought a sapphire potion for 23 gold pieces
  3852 | D:4      | Bought a sapphire potion for 23 gold pieces
  4228 | D:4      | Found a burning altar of Makhleb.
  4231 | D:4      | Found a stormy altar of Qazlal.
  4324 | D:5      | Entered Level 5 of the Dungeon
  4348 | D:5      | Reached XP level 8. HP: 55/61 MP: 8/8
  4539 | D:5      | Reached skill level 5 in Armour
  4965 | D:5      | Reached skill level 5 in Fighting
  4965 | D:5      | Reached skill level 7 in Axes
  5606 | D:5      | Found a staircase to the Ecumenical Temple.
  5624 | Temple   | Entered the Ecumenical Temple
  5919 | D:3      | Became a worshipper of Gozag Ym Sagoz the Greedy
  6547 | D:5      | Reached XP level 9. HP: 68/68 MP: 9/9
  6998 | D:6      | Reached skill level 8 in Axes
  7335 | D:7      | Found an iron altar of Okawaru.
  7356 | D:7      | Noticed a hippogriff
  7382 | D:7      | Killed a hippogriff
  7603 | D:7      | Found Idiar's Armour Boutique.
  7611 | D:7      | Bought a +2 pair of gloves of strength for 344 gold pieces
  7651 | D:7      | Noticed a hippogriff
  7676 | D:7      | Killed a hippogriff
  8139 | D:7      | Noticed a hippogriff
  8146 | D:7      | Killed a hippogriff
  8280 | D:7      | Noticed Joseph
  8296 | D:7      | Killed Joseph
  8296 | D:7      | Reached skill level 9 in Axes
  8296 | D:7      | Reached XP level 10. HP: 49/76 MP: 10/10
  8496 | D:7      | Found a radiant altar of Vehumet.
  8685 | D:8      | Noticed Gastronok
  8733 | D:8      | Killed Gastronok
  8733 | D:8      | Reached skill level 10 in Axes
  9049 | D:8      | Found a broken altar of Ashenzari.
  9074 | D:8      | Noticed Pikel
  9087 | D:8      | Killed Pikel
  9395 | D:8      | Reached XP level 11. HP: 84/84 MP: 11/11
  9721 | D:9      | Found a staircase to the Orcish Mines.
  9755 | D:9      | Reached skill level 11 in Axes
 10148 | D:9      | Found an iron altar of Okawaru.
 10695 | D:10     | Entered Level 10 of the Dungeon
 10937 | D:10     | Identified a scroll of acquirement
 10938 | D:10     | Acquired a +2 vorpal battleaxe
 10960 | D:10     | Reached skill level 10 in Shields
 10969 | D:10     | Found a staircase to the Lair.
 11061 | D:10     | Found Eruraaxikh's Antique Weapon Emporium.
 11212 | D:10     | Reached skill level 12 in Axes
 11451 | D:10     | Noticed a two-headed ogre
 11457 | D:10     | Killed a two-headed ogre
 11569 | Orc:1    | Entered Level 1 of the Orcish Mines
 11589 | Orc:1    | Noticed an orc warlord
 11621 | D:9      | Killed an orc warlord
 11621 | D:9      | Reached XP level 12. HP: 10/94 MP: 12/12
 12084 | Orc:1    | Noticed Harold
 12123 | Orc:1    | Cast into level 1 of the Abyss (orc)
 12272 | Abyss:2  | Noticed a starcursed mass
 12285 | Abyss:2  | Found a corrupted altar of Lugonu.
 12290 | Abyss:2  | Killed a starcursed mass
 12290 | Abyss:2  | Reached skill level 13 in Axes
 12291 | Abyss:2  | Noticed an ironheart preserver
 12291 | Abyss:2  | Noticed an ironheart preserver
 12351 | Abyss:2  | Noticed a thrashing horror
 12359 | Abyss:2  | Noticed a wretched star
 12366 | Abyss:2  | Noticed a bone dragon
 12371 | Abyss:2  | Gained mutation: You evolve. [potion of mutation]
 12371 | Abyss:2  | Gained mutation: You are partially covered in iridescent
                  | scales. (AC +2) [potion of mutation]
 12376 | Abyss:2  | HP: 3/141 [six-headed hydra skeleton (5)]
 12376 | Abyss:2  | Slain by a thrashing horror

Illustrated notes

Levels and vault maps discovered:
D:1:      dpeg_arrival_subterranean_lakeside_camping, layout_basic,
          lexackson_kobold_supper
D:2:      layout_basic
D:3:      layout_loops_ring, nicolae_overflow_hidden_temple,
          kiku_gazebo_garden_becter, lemuel_crystal_altar, bh_walls_and_bars,
          uniq_jessica
D:4:      layout_cave_pools, minitemple, serial_shops,
          nicolae_shop_overgrown_old_shop
D:5:      kb_forest_paths, layout_layer_cave, item_on_display_b
D:6:      layout_loops_cross
D:7:      layout_loops_corners, lemuel_crystal_altar, basic_altar, serial_shops,
          shop, uniq_joseph
D:8:      layout_rooms, evilmike_ruin_ashenzari, uniq_gastronok, uniq_pikel
D:9:      layout_basic, hiddenorc2_lemuel, serial_glass, glass_columns_b,
          glass_columns_a, feat_on_display, feat_on_display,
          minmay_strange_pillars, okawaru_gym_becter
D:10:     layout_long_grid, david_lair_generic, serial_shops, shop,
          billiards_dpeg
Temple:   regret_index_temple_generic_petals
Orc:1:    layout_caves, guppyfry_library_mini, uniq_harold
Abyss:2:  base: D:5, evilmike_abyss_exit_17

Skill      XL: |  1  2  3  4  5  6  7  8  9 10 11 12 |
---------------+-------------------------------------+-----
Shields        | 4 5 6 8 9 10 | 10.9
Axes           | 3 4 5 6 7 9 10 12 13 | 13.1
Fighting       | 4 5 6 7 8 |  8.9
Armour         | 4 5 6 7 8 |  8.7

Action                   |  1- 3 |  4- 6 |  7- 9 | 10-12 || total
-------------------------+-------+-------+-------+-------++-------
Melee: War axe           |   182 |   163 |   284 |   189 ||   818
       Battleaxe         |       |       |       |   257 ||   257
Invok: Call Merchant     |       |       |       |     1 ||     1
  Use: Scroll            |       |       |    12 |     5 ||    17
       Potion            |       |       |       |     9 ||     9
 Stab: Distracted        |       |       |     2 |     3 ||     5
Armor: Scale mail        |    77 |    69 |    26 |       ||   172
       Plate armour      |       |       |    70 |   153 ||   223
       Skin              |       |       |       |    27 ||    27
Dodge: Dodged            |    53 |    68 |    70 |    70 ||   261
Block: Kite shield       |    68 |   105 |   208 |   366 ||   747
       Reflection        |       |       |     1 |    10 ||    11

Table legend: (Time is in decaauts)
 A = Elapsed time spent in this place.
 B = Non-inter-level travel time spent in this place.
 C = Inter-level travel time spent in this place.
 D = Time resting spent in this place.
 E = Time spent auto-exploring this place.
 F = Levels seen in this place.
 G = Mean time per level.
                   A        B        C        D        E       F      G
               +--------+--------+--------+--------+--------+-----+--------+
         Total |  12574 |  12077 |    497 |      0 |   9545 |  14 |  898.1 |
       Dungeon |  11900 |  11418 |    482 |      0 |   9250 |  10 | 1190.0 |
        Temple |    219 |    204 |     15 |      0 |    204 |   1 |  219.0 |
  Orcish Mines |    201 |    201 |      0 |      0 |     70 |   1 |  201.0 |
         Abyss |    252 |    252 |      0 |      0 |     21 |   2 |  126.0 |
               +--------+--------+--------+--------+--------+-----+--------+

Top non-repeatable levels by time:
     D:5: 2093 daAuts
     D:7: 1638 daAuts
     D:9: 1545 daAuts
     D:1: 1278 daAuts
     D:4: 1140 daAuts
     D:2: 1067 daAuts
     D:3: 1045 daAuts
    D:10: 871 daAuts
     D:6: 622 daAuts
     D:8: 595 daAuts
  Temple: 219 daAuts
   Orc:1: 201 daAuts
 Abyss:2: 129 daAuts
 Abyss:1: 123 daAuts
